 Dungeon Crawl Stone Soup version 0.28.0-53-g5a82cb258f (webtiles) character file.

Game seed: 14925277048703872380

135 hawla the Conjurer (level 4, -3/24 HPs)
             Began as a Deep Elf Conjurer on June 10, 2022.
             Slain by Duvessa
             ... wielding a +0 rapier
              (8 damage)
             ... on level 4 of the Dungeon.
             The game lasted 00:07:52 (2733 turns).

hawla the Conjurer (Deep Elf Conjurer)              Turns: 2733, Time: 00:07:53

Health: -3/24      AC:  6    Str:  6    XL:     4   Next: 96%
Magic:  9/12       EV: 13    Int: 23    God:
Gold:   136        SH:  0    Dex: 15    Spells: 8/11 levels left

rFire   . . .      SeeInvis .   g - +2 short sword (drain)
rCold   . . .      Faith    .   (no shield)
rNeg    . . .      Spirit   .   a - +0 robe
rPois   +          Reflect  .   n - +1 hat
rElec   .          Harm     .   j - +1 cloak
rCorr   .          Rampage  .   k - +0 pair of gloves
Will    .....                   (no boots)
Stlth   ++........              (no amulet)
HPRegen 0.08/turn               h - ring of poison resistance
MPRegen 0.13/turn               (no ring)

@: unable to read
A: agile 1, evolution 1, inability to read while threatened
a: no special abilities


You were on level 4 of the Dungeon.
You visited 1 branch of the dungeon, and saw 4 of its levels.

You collected 136 gold pieces.

Inventory:

Hand Weapons
 e - a +0 quarterstaff
 g - a +2 short sword of draining (weapon)
Missiles
 c - 5 poisoned darts (quivered)
Armour
 a - a +0 robe (worn)
 j - a +1 cloak (worn)
 k - a +0 pair of gloves (worn)
 n - a +1 hat (worn)
Jewellery
 h - a ring of poison resistance (left hand)
Wands
 q - a wand of flame (23)
Scrolls
 o - a scroll of fog
 r - a scroll of noise {unknown}
 s - a scroll of amnesia {unknown}
 t - a scroll of holy word {unknown}
Potions
 b - a potion of invisibility
 f - a potion of cancellation
 i - 2 potions of berserk rage
 l - 4 potions of mutation
 m - 2 potions of might {unknown}
 p - a potion of ambrosia


   Skills:
 + Level 0.1 Short Blades
 + Level 3.2 Dodging
 + Level 3.1 Stealth
 + Level 4.1 Spellcasting
 + Level 5.8 Conjurations


You had 8 spell levels left.
You knew the following spells:

 Your Spells              Type           Power      Damage    Failure   Level
a - Magic Dart            Conj           100%       1d8       1%          1
b - Searing Ray           Conj           62%        2d6       1%          2

Your spell library contained the following spells:

 Spells                   Type           Power      Damage    Failure   Level
 Dazzling Flash           Conj/Hex       36%        N/A       10%         3
 Blink                    Tloc           8%         N/A       16%         2
 Gell's Gravitas          Tloc           4%         N/A       30%         3
 Lesser Beckoning         Tloc           4%         N/A       30%         3
 Teleport Other           Tloc           4%         N/A       30%         3
 Fulminant Prism          Conj/Hex       9%         3d7       30%         4
 Iskenderun's Mystic Bla  Conj/Tloc      18%        2d6       30%         4
 Manifold Assault         Tloc           4%         N/A       96%         5


Dungeon Overview and Level Annotations

Branches:
Dungeon (4/15)
 Temple: D:4-7

Altars:

Annotations:
D:4 Dowan, Duvessa


Innate Abilities, Weirdness & Mutations

You are agile. (Dex +2)
You have hidden genetic potential.
You sometimes lose the ability to read scrolls when taking damage.


Message History

The searing ray hits Duvessa but does no damage.
Duvessa is lightly wounded.
You finish channelling your searing ray.
Dowan shouts!
Duvessa hits you with a +0 rapier.
A kobold comes into view.
It is wielding a +0 short sword and quivering poisoned darts.
Duvessa hits you with a +0 rapier.
As you read the scroll of fear, it crumbles to dust.
You assume a fearsome visage.
Duvessa looks frightened!
Dowan looks frightened!
The kobold looks frightened!
The kobold shouts!
Dowan gestures wildly while chanting.
Dowan blinks!
The kobold looks rattled.
You open the door.
The goblin shouts! x2
The goblin disappears!
The iguana disappears!
The goblin disappears!
A dart slug comes into view.
The dart slug disappears!
The dart slug moves out of view.
There is an open door here.
A dart slug comes into view.
The scorpion disappears!
Press: ? - help, . - travel You can't see that place. [a permanent teleport trap.]
The dart slug disappears!
Casting: Searing Ray (safe; 1% risk of failure)
Confirm with . or Enter, or press ? or * to list all spells.
You don't know that spell.
As you read the scroll of fear, it crumbles to dust.
You assume a fearsome visage.
Nothing appears to happen.
Duvessa hits you with a +0 rapier!
* * * LOW HITPOINT WARNING * * *
It was a potion of mutation.
You feel extremely strange.
You lose the ability to read scrolls when threatened.
You feel a hidden potential growing inside you.
You feel agile. Duvessa hits you with a +0 rapier!
You feel threatened and lose the ability to read scrolls!
You die...

................... .........
................... .........
................. .........
................
........#######..............
........#.#.#.#..............
........#^^^§^#..............
#.....#########............
#.....'..e@^+?#$...........
#.....#########............
#.....#^^^^^#.e............
#####.#.#.#.#....#.#.##.###
#.#######..###...[....#
#.....§....# #.........
############ #........#
#........+ #........#


You could see Duvessa.

Vanquished Creatures
  Jessica (D:2)
  5 adders
  A dart slug (D:1)
  6 orcs
  6 ball pythons
  4 endoplasms
  3 giant cockroaches
  4 hobgoblins
  3 quokkas
  6 bats
  3 frilled lizards
  5 goblins
  5 kobolds
  3 rats
55 creatures vanquished.

Notes
Turn   | Place    | Note
-------+----------+-------------------------------------------
     0 | D:1      | hawla the Deep Elf Conjurer began the quest for the Orb.
     0 | D:1      | Reached XP level 1. HP: 10/10 MP: 6/6
   332 | D:1      | Reached XP level 2. HP: 15/15 MP: 5/8
  1015 | D:2      | Learned a level 2 spell: Searing Ray
  1146 | D:2      | Reached skill level 5 in Conjurations
  1149 | D:2      | Reached XP level 3. HP: 19/19 MP: 1/9
  1749 | D:2      | Noticed Jessica
  1754 | D:2      | Killed Jessica
  1755 | D:2      | Reached XP level 4. HP: 14/24 MP: 5/11
  2697 | D:4      | Noticed Duvessa
  2698 | D:4      | Noticed Dowan
  2727 | D:4      | Noticed a scorpion
  2733 | D:4      | Gained mutation: You sometimes lose the ability to read
                  | scrolls when taking damage. [potion of mutation]
  2733 | D:4      | Gained mutation: You have hidden genetic potential. [potion
                  | of mutation]
  2733 | D:4      | Gained mutation: You are agile. (Dex +2) [potion of
                  | mutation]
  2733 | D:4      | Slain by Duvessa

Illustrated notes

Levels and vault maps discovered:
D:1:      lemuel_arrival_rhombus, layout_basic, hangedman_decor_push
D:2:      minmay_spotlight, layout_rooms, minivault_26, kennysheep_jessica_study
D:3:      layout_basic
D:4:      layout_basic, grunt_tough_drop, uniq_duvessa

Skill      XL: |  1  2  3  4 |
---------------+-------------+-----
Conjurations   | 5 |  5.8
Dodging        | 3 |  3.2
Stealth        | 3 |  3.1
Spellcasting   | 4 |  4.1
Short Blades   | |  0.1

Action                   |  1- 3 |  4- 6 || total
-------------------------+-------+-------++-------
Melee: Short sword       |     5 |       ||     5
       Quarterstaff      |     2 |       ||     2
 Cast: Magic Dart        |    38 |    16 ||    54
       Searing Ray       |    11 |     6 ||    17
  Use: Scroll            |       |    10 ||    10
       Potion            |       |     1 ||     1
 Stab: Sleeping          |     2 |       ||     2
Armor: Robe              |     1 |     1 ||     2
Dodge: Dodged            |    10 |     2 ||    12
